 Dungeon Crawl Stone Soup version 0.22-a0-283-g1871b15 (webtiles) character file.

173 4thArraOfDagon the Slasher (level 5, -1/38 HPs)
             Began as a Formicid Warper on Mar 18, 2018.
             Was an Initiate of Fedhas.
             Slain by a kobold (2 damage)
             ... in a sewer.
             The game lasted 00:04:39 (1283 turns).

4thArraOfDagon the Slasher (Formicid Warper)        Turns: 1283, Time: 00:04:39

Health: -1/38      AC:  5    Str: 16 (19) XL:     5   Next: 83%
Magic:  8/8        EV: 11    Int: 16      God:    Fedhas [......]
Gold:   127        SH:  0    Dex:  8 (10) Spells: 8/8 levels left

rFire    . . .     SeeInvis +   a - +0 falchion
rCold    . . .     Gourm    .   (no shield)
rNeg     + . .     Faith    .   k - +0 ring mail
rPois    .         Spirit   .   (helmet unavailable)
rElec    .         Reflect  .   (no cloak)
rCorr    .         Harm     .   (no gloves)
MR       .....                  (no boots)
Stlth    ..........             (no amulet)
HPRegen  0.12/turn              l - ring of positive energy
MPRegen  0.11/turn              (no ring)

@: no status effects
A: permanent stasis, dig shafts and tunnels, four strong arms, antennae 3,
clever 1, strong 2, no potion heal 1
a: Dig, Shaft Self, Fungal Bloom, Renounce Religion


You were in a sewer.
You worshipped Fedhas.
Fedhas was noncommittal.
You were not hungry.

You visited 1 branch of the dungeon, and saw 3 of its levels.
You also visited: Sewer.

You collected 127 gold pieces.

Inventory:

Hand Weapons
 a - a +0 falchion (weapon)
 m - the +1 spear of the Pits of Slime {flame, rC+ rN+ Stlth+}
   (You found it on level 4 of the Dungeon)

   It has been specially enchanted to burn those struck by it, causing extra
   injury to most foes and up to half again as much damage against particularly
   susceptible opponents.
   It protects you from cold.
   It protects you from negative energy.
   It makes you more stealthy.
Missiles
 e - 5 tomahawks of dispersal (quivered)
Armour
 b - a +0 leather armour
 k - a +0 ring mail (worn)
Jewellery
 l - a ring of positive energy (left hand)
Scrolls
 c - a scroll of remove curse {unknown}
 d - a scroll of blinking
 g - a scroll of amnesia {unknown}
 i - a scroll of identify
 j - 3 scrolls of teleportation {unknown}
 n - a scroll of random uselessness {unknown}
 o - a scroll of fog {unknown}
Potions
 h - a potion of flight
Comestibles
 f - 4 rations


   Skills:
 - Level 2.1 Fighting
 * Level 5.1 Long Blades
 - Level 1.0 Throwing
 - Level 1.1 Armour
 - Level 1.7 Dodging
 - Level 2.1 Spellcasting
   Level 2.6 Translocations
 + Level 2.1 Invocations


You had 8 spell levels left.
You didn't know any spells.

Dungeon Overview and Level Annotations

Branches:
Dungeon (4/15)
 Temple: D:4-7

Altars:
Ashenzari
Fedhas
Nemelex Xobeh
Vehumet
Zin


Innate Abilities, Weirdness & Mutations

You cannot be hasted, slowed, berserked, paralysed or teleported.
You can dig through walls and to a lower floor.
Your four strong arms can wield two-handed weapons with a shield.
You have a pair of large antennae on your head. (SInv)
Your mind is acute. (Int +2)
Your muscles are very strong. (Str +4)
Potions are less effective at restoring your health.


Message History

The big kobold is almost dead.
The big kobold hits you.
* * * LOW HITPOINT WARNING * * *
The big kobold hits you.
* * * LOW HITPOINT WARNING * * *
You hit the big kobold.
The big kobold is almost dead.
The big kobold closely misses you.
Unknown command.
Okay, then.
You hit the big kobold.
You kill the big kobold!
You feel your intelligence returning.
Your Long Blades skill increases to level 5!
Your Invocations skill increases to level 2!
You hit the kobold.
The kobold is moderately wounded.
The kobold hits you.
You die...
Fedhas appreciates your contribution to the ecosystem.

#####...≈≈####.≈...#
##≈..## ##...##
##P## ##### #≈# #≈#
##≈## ##..≈## .##
###....≈####.≈?.#
≈≈≈≈....≈.@K..?..#
####≈...≈#####≈..#
##.≈.## # #####


You could see a kobold.

Vanquished Creatures
  A big kobold (Sewer)
  3 adders (D:2)
  A river rat (Sewer)
  2 oozes
  4 worms
  2 dart slugs (D:1)
  A leopard gecko (D:2)
  4 giant cockroaches
  6 goblins
  2 hobgoblins (D:1)
  2 jackals (D:1)
  4 kobolds
  5 bats
  5 frilled lizards
  4 rats
46 creatures vanquished.

Vanquished Creatures (others)
  14 toadstools
14 creatures vanquished.

Grand Total: 60 creatures vanquished

Notes
Turn   | Place    | Note
-------+----------+-------------------------------------------
     0 | D:1      | 4thArraOfDagon the Formicid Warper began the quest for the Orb.
     0 | D:1      | Reached XP level 1. HP: 16/16 MP: 3/3
    50 | D:1      | Reached XP level 2. HP: 17/22 MP: 5/5
   250 | D:1      | Reached skill level 3 in Long Blades
   331 | D:1      | Reached XP level 3. HP: 24/27 MP: 6/6
   495 | D:2      | Found a shattered altar of Ashenzari.
   523 | D:2      | stay [positive
   533 | D:2      | Found a blossoming altar of Fedhas.
   537 | D:2      | Found a radiant altar of Vehumet.
   537 | D:2      | Found a glowing silver altar of Zin.
   538 | D:2      | Found a sparkling altar of Nemelex Xobeh.
   542 | D:2      | Became a worshipper of Fedhas Madash
   634 | D:2      | Reached skill level 4 in Long Blades
   634 | D:2      | Reached XP level 4. HP: 17/33 MP: 7/7
   799 | D:2      | Gained mutation: Your muscles are strong. (Str +2) [potion of mutation]
   799 | D:2      | Gained mutation: Your muscles are very strong. (Str +4) [potion of mutation]
   799 | D:2      | Gained mutation: Potions are less effective at restoring your health. [potion of mutation]
   799 | D:2      | Gained mutation: Your mind is acute. (Int +2) [potion of mutation]
   908 | D:2      | HP: 1/33 [poisoned by an adder]
   958 | D:2      | You fall through a shaft for 2 floors!
   986 | D:4      | Got a scorched spear
   988 | D:4      | Identified the +1 spear of the Pits of Slime {flame, rC+ rN+ Stlth+} (You found it on level 4 of the Dungeon)
  1080 | D:4      | Found a glowing drain.
  1097 | D:4      | Reached skill level 1 in Invocations
  1107 | Sewer    | Entered a sewer
  1129 | Sewer    | Reached XP level 5. HP: 21/38 MP: 8/8
  1252 | Sewer    | Noticed a big kobold
  1280 | Sewer    | HP: 1/38 [big kobold (1)]
  1282 | Sewer    | Killed a big kobold
  1282 | Sewer    | Reached skill level 5 in Long Blades
  1283 | Sewer    | Slain by a kobold

Vault maps used:
D:1:      dpeg_arrival_simpleton_a, st_stairs_6, patterned_corridor
D:2:      minmay_wonky_spiral, overflow_temple_1_default,
          grunt_temple_overflow_open
D:4:      marbit_many_paths, cheibrodos_sewer_entry_bend,
          roderic_serpentine_path
Sewer:    sewer_co_15_rooms

Skill      XL: |  1  2  3  4  5 |
---------------+----------------+-----
Long Blades    | 3 4 5 |  5.1
Invocations    | 1 2 |  2.1
Fighting       | |  2.1
Throwing       | |  1.0
Armour         | |  1.1
Dodging        | |  1.7
Spellcasting   | |  2.1
Translocations | |  2.6

Action                   |  1- 3 |  4- 6 || total
-------------------------+-------+-------++-------
Melee: Falchion          |    75 |   109 ||   184
Invok: Fungal Bloom      |     1 |     9 ||    10
 Abil: Dig               |     1 |     9 ||    10
       Shaft Self        |       |     1 ||     1
  Use: Potion            |       |     6 ||     6
       Scroll            |       |     4 ||     4
  Eat: Ration            |       |     1 ||     1
       Chunk             |       |     1 ||     1
Armor: Leather armour    |     9 |       ||     9
       Ring mail         |     9 |    27 ||    36
Dodge: Dodged            |    51 |    55 ||   106
       Rpst.: Falchion   |    19 |    13 ||    32

Table legend:
 A = Spawn XP
 B = Non-spawn XP
 C = Spawn XP percentage of total XP
 D = Spawn monster count
 E = Non-spawn monster count
 F = Spawn count percentage of total count
 G = Total turns spent on level
                    A         B        C        D         E        F      G
               +---------+---------+-------+---------+---------+-------+---------
         Total |       0 |     248 |   0.0 |       0 |      46 |   0.0 |  1283
               +---------+---------+-------+---------+---------+-------+---------
           D:1 |       0 |      41 |   0.0 |       0 |      20 |   0.0 |   495
           D:2 |       0 |      79 |   0.0 |       0 |      18 |   0.0 |   463
           D:4 |       0 |       7 |   0.0 |       0 |       2 |   0.0 |   149
         Sewer |       0 |     121 |   0.0 |       0 |       6 |   0.0 |   176
               +---------+---------+-------+---------+---------+-------+---------
